Map: Eternal Empire LE

Players

Lambo

  • Race: Zerg Zerg
  • League: Master
  • Spawn Location: 1:00

Denver - Winner!

  • Race: Zerg Zerg
  • League: Master
  • Spawn Location: 7:00

VOD

Have the link to the VOD?

Description

Time

  • Played on: Jan. 14, 2020, 1:17 p.m.
  • Length: 16:07
Show
View Real Time Build Order
Export as new Build Order

Lambo Zerg 

Build Orders: Hatch First 

Get SALT Encoding   

  12  0:00  Drone  
  13  0:12  Overlord  
  13  0:16  Drone  
  14  0:30  Drone x2  
  16  0:47  Hatchery  
  15  0:51  Drone  
  15  0:54  Drone  
  17  0:58  Drone  
  18  1:08  Extractor  
  17  1:13  Spawning Pool  
  17  1:16  Drone  
  17  1:19  Drone  
  18  1:27  Drone  
  19  1:38  Drone  
  20  1:50  Drone  
  21  1:59  Queen  
  21  2:00  Zergling x2, Queen  
  26  2:03  Overlord  
  26  2:08  Metabolic Boost  
  26  2:10  Drone  
  26  2:11  Drone  
  28  2:22  Zergling x2  
  29  2:23  Drone  
  30  2:34  Hatchery  
  30  2:35  Drone  
  30  2:40  Drone  
  30  2:42  Drone  
  32  2:47  Baneling Nest  
  31  2:51  Overlord  
  31  2:53  Drone  
  32  3:01  Drone  
  33  3:07  Drone  
  33  3:09  Drone x4  
  33  3:11  Zergling x4  
  40  3:13  Zergling x2  
  40  3:19  Queen  
  41  3:24  Overlord  
  43  3:32  Evolution Chamber  
  43  3:34  Drone x2  
  44  3:44  Drone x2  
  44  3:47  Drone x5  
  51  3:49  Overlord  
  51  3:50  Drone  
  51  3:52  Drone  
  52  4:01  Overlord  
  53  4:02  Drone  
  53  4:03  Drone  
  53  4:07  Zerg Missile Weapons Level 1  
  53  4:08  Lair  
  54  4:10  Drone  
  54  4:11  Baneling  
  54  4:14  Drone x2  
  54  4:15  Extractor x2, Drone  
  56  4:17  Drone  
  56  4:19  Overlord  
  56  4:23  Drone x3  
  60  4:31  Drone  
  61  4:32  Drone, Roach Warren  
  61  4:34  Drone  
  61  4:39  Drone x2  
  61  4:40  Drone  
  61  4:42  Drone  
  61  4:43  Drone x2  
  61  4:44  Pneumatized Carapace  
  67  4:49  Drone x2  
  67  4:50  Drone  
  70  4:55  Drone  
  70  4:56  Drone x2  
  70  4:58  Extractor x2, Drone  
  70  4:59  Extractor  
  71  5:03  Drone x2  
  73  5:12  Drone x3  
  73  5:13  Hatchery  
  75  5:15  Roach x3  
  75  5:17  Overlord  
  75  5:18  Roach  
  82  5:25  Glial Reconstitution, Overlord x2  
  82  5:30  Overlord x2  
  82  5:31  Overlord  
  82  5:32  Overlord  
  83  5:40  Overlord  
  83  5:41  Roach x3  
  88  5:45  Hatchery, Drone  
  88  5:46  Evolution Chamber  
  88  5:48  Roach x3  
  93  5:52  Roach x2  
  97  5:58  Roach x3  
  103  6:06  Overseer  
  103  6:07  Roach x5  
  113  6:14  Overlord  
  113  6:15  Roach x4  
  121  6:19  Overlord  
  121  6:23  Drone  
  121  6:25  Ravager x3  
  124  6:26  Ravager  
  124  6:27  Roach x3  
  132  6:34  Roach x3  
  138  6:40  Roach x3  
  138  6:45  Roach x2  
  138  6:46  Roach x2  
  152  6:47  Zerg Missile Weapons Level 2  
  152  6:50  Overlord  
  152  6:53  Overlord  
  152  6:54  Overlord  
  152  6:58  Roach x3  
  152  7:00  Ravager x2  
  160  7:03  Unknown  
  160  7:06  Roach x4  
  167  7:14  Roach x6  
  179  7:17  Roach  
  180  7:22  Roach  
  180  7:24  Roach x4  
  180  7:28  Roach  
  185  7:30  Roach x3  
  185  7:35  Roach x2  
  190  7:40  Roach x2  
  190  7:46  Roach  
  192  7:56  Overlord  
  192  8:03  Ravager, Overlord  
  187  8:05  Overlord  
  187  8:10  Ravager x3, Overlord  
  190  8:13  Ravager x2  
  190  8:14  Roach x3  
  190  8:15  Roach  
  200  8:27  Overseer  
  198  8:35  Roach  
  195  8:44  Roach x3  
  191  8:49  Roach  
  191  8:50  Roach x3  
  199  8:58  Roach  
  199  9:00  Roach  
  190  9:03  Roach  
  190  9:05  Roach  
  190  9:06  Roach x8  
  190  9:09  Roach  
  192  9:13  Roach x3  
  192  9:14  Roach  
  200  9:21  Roach  
  199  9:28  Overseer  
  199  9:32  Roach  
  181  9:38  Roach x9  
  181  9:42  Roach  
  172  9:49  Roach  
  172  9:52  Roach x3  
  162  9:53  Queen x3  
  162  9:55  Overseer  
  162  9:57  Overseer, Roach  
  168  10:01  Roach x2  
  170  10:08  Roach  
  170  10:10  Roach  
  170  10:11  Ravager  
  170  10:12  Hatchery  
  170  10:13  Ravager  
  170  10:14  Roach  
  177  10:19  Roach  
  176  10:22  Roach, Ravager  
  176  10:23  Roach  
  181  10:29  Roach  
  181  10:34  Roach x2  
  188  10:35  Ravager  
  188  10:36  Roach x2  
  192  10:42  Roach x2  
  192  10:43  Roach  
  192  10:48  Roach  
  194  10:53  Roach x2  
  194  10:55  Roach  
  194  10:56  Roach  
  190  10:58  Roach  
  190  11:00  Roach  
  190  11:01  Roach  
  182  11:06  Roach  
  182  11:08  Roach  
  182  11:09  Roach  
  176  11:15  Roach  
  156  11:19  Roach x3  
  156  11:23  Roach  
  156  11:26  Roach x3  
  156  11:31  Roach  
  150  11:34  Roach x2  
  150  11:37  Roach  
  129  11:40  Roach  
  129  11:42  Roach  
  129  11:44  Roach  
  129  11:45  Roach  
  124  11:49  Roach x2  
  126  11:58  Roach  
  126  12:01  Roach  
  107  12:02  Overseer, Roach x3  
  107  12:04  Roach  
  113  12:09  Drone x5  
  113  12:13  Unknown  
  119  12:15  Roach  
  119  12:16  Roach  
  119  12:18  Roach  
  123  12:24  Roach x2  
  123  12:29  Roach x2  
  131  12:33  Drone x3  
  134  12:38  Roach x2  
  134  12:39  Ravager x2  
  134  12:42  Roach  
  142  12:46  Overseer  
  142  12:48  Roach x2  
  146  12:53  Roach x2  
  146  12:56  Roach  
  151  13:08  Roach x5  
  161  13:13  Roach  
  161  13:18  Roach x2  
  162  13:21  Roach  
  162  13:25  Roach  
  162  13:27  Roach  
  162  13:28  Roach  
  162  13:31  Roach x2  
  170  13:34  Roach  
  170  13:36  Roach  
  170  13:43  Roach x3  
  170  13:44  Ravager x2  
  170  13:47  Roach  
  180  13:53  Roach x2  
  184  14:01  Overseer  
  190  14:08  Hydralisk Den  
  185  14:13  Spore Crawler  
  185  14:14  Spore Crawler, Drone x5  
  185  14:15  Drone x4  
  170  14:29  Roach x5  
  146  14:32  Roach  
  146  14:35  Roach  
  111  14:39  Roach x2  
  111  14:43  Roach x2  
  97  14:53  Hydralisk x4  
  97  14:59  Hydralisk x2  
  105  15:04  Hydralisk  
  110  15:07  Hydralisk  
  110  15:11  Hydralisk x2  
  116  15:14  Hydralisk  
  116  15:18  Hydralisk  
  118  15:22  Hydralisk  
  118  15:25  Roach x2  
  118  15:28  Roach  
  120  15:31  Hydralisk  
  120  15:32  Roach  
  105  15:36  Roach x2  
  105  15:42  Roach  
Show
View Real Time Build Order
Export as new Build Order

Denver Zerg - Winner!

Build Orders: Hatch First 

Get SALT Encoding   

  12  0:00  Drone  
  13  0:12  Overlord  
  13  0:16  Drone  
  14  0:30  Drone x2  
  16  0:48  Hatchery  
  15  0:51  Drone  
  15  0:54  Drone  
  17  0:58  Drone  
  18  1:09  Extractor  
  17  1:13  Spawning Pool  
  17  1:17  Drone  
  17  1:20  Drone  
  18  1:28  Drone  
  19  1:38  Drone  
  20  1:48  Drone  
  21  2:00  Queen x2, Overlord  
  25  2:01  Zergling x2  
  26  2:10  Metabolic Boost  
  26  2:11  Drone  
  26  2:14  Drone  
  28  2:21  Drone x2  
  30  2:36  Hatchery  
  29  2:40  Drone  
  29  2:41  Drone  
  31  2:50  Drone  
  32  2:51  Baneling Nest  
  32  2:54  Overlord  
  32  2:57  Drone  
  32  2:59  Zergling x2  
  33  3:06  Drone x2  
  33  3:08  Zergling x2  
  36  3:13  Zergling x6  
  36  3:15  Drone  
  36  3:17  Drone  
  41  3:21  Overlord  
  41  3:24  Drone  
  42  3:29  Queen  
  44  3:37  Evolution Chamber  
  44  3:39  Drone  
  44  3:40  Drone x2  
  45  3:43  Drone x2  
  47  3:49  Drone x3  
  47  3:52  Drone  
  47  3:53  Drone  
  52  3:59  Lair  
  52  4:01  Drone  
  53  4:05  Zerg Missile Weapons Level 1  
  53  4:08  Drone x2  
  55  4:14  Roach Warren  
  55  4:15  Overlord  
  54  4:18  Drone x2  
  54  4:19  Drone  
  54  4:20  Drone  
  58  4:25  Overlord  
  58  4:26  Extractor  
  58  4:27  Baneling  
  58  4:28  Drone  
  58  4:31  Overlord  
  58  4:36  Drone x5  
  63  4:42  Extractor  
  63  4:43  Drone x3  
  65  4:48  Drone x2  
  65  4:49  Drone x3  
  65  4:52  Extractor  
  69  4:53  Extractor  
  69  4:55  Drone x3  
  69  4:56  Glial Reconstitution  
  71  5:00  Overlord  
  71  5:01  Drone  
  71  5:03  Overlord  
  71  5:06  Overlord  
  72  5:11  Roach  
  72  5:12  Roach x2  
  72  5:14  Overlord  
  77  5:23  Drone x3  
  77  5:24  Drone  
  77  5:27  Extractor  
  80  5:28  Pneumatized Carapace  
  80  5:29  Overseer, Hatchery  
  80  5:33  Drone x3  
  82  5:39  Roach x3  
  82  5:40  Overlord  
  86  5:46  Roach x3  
  92  5:54  Overlord  
  92  5:56  Roach  
  92  5:57  Roach x4  
  101  5:59  Overlord  
  101  6:02  Zerg Missile Weapons Level 2  
  101  6:05  Roach  
  101  6:06  Overlord  
  101  6:09  Overlord  
  101  6:10  Roach  
  105  6:12  Overseer  
  105  6:15  Roach x2  
  105  6:17  Overlord  
  109  6:19  Overlord  
  109  6:22  Roach x2  
  113  6:29  Roach x4  
  121  6:34  Drone  
  121  6:35  Roach, Evolution Chamber  
  121  6:36  Roach  
  121  6:39  Roach  
  129  6:40  Roach  
  129  6:44  Queen  
  129  6:45  Roach  
  129  6:46  Roach  
  135  6:47  Ravager  
  135  6:48  Ravager x2  
  135  6:52  Roach x2  
  142  6:56  Overlord  
  142  6:59  Overlord  
  142  7:01  Roach x3  
  148  7:05  Roach  
  148  7:06  Roach x2  
  154  7:11  Queen  
  154  7:13  Roach x2  
  158  7:16  Overlord  
  158  7:18  Overlord  
  154  7:23  Roach x3  
  160  7:30  Roach x5  
  160  7:34  Overlord  
  160  7:36  Overlord  
  170  7:40  Overlord  
  170  7:42  Roach  
  170  7:43  Roach x2  
  174  7:45  Overlord  
  174  7:50  Ravager x2, Burrow  
  174  7:51  Tunneling Claws  
  176  7:57  Roach x4  
  184  8:01  Roach x3  
  187  8:06  Roach  
  187  8:07  Roach x2  
  187  8:10  Roach x2  
  197  8:15  Ravager x2  
  199  8:24  Zerg Ground Armor Level 1  
  192  8:44  Unknown  
  192  8:47  Roach x8  
  197  9:00  Roach x3  
  195  9:06  Roach x11  
  195  9:08  Roach x11  
  197  9:16  Queen  
  197  9:18  Roach  
  193  9:24  Roach x4  
  185  9:43  Roach x10  
  186  9:51  Roach x3  
  186  9:52  Roach x2  
  158  9:53  Roach x10  
  158  9:57  Roach x5  
  161  10:02  Roach  
  161  10:03  Roach x2  
  163  10:08  Roach x4  
  163  10:11  Roach  
  163  10:12  Roach x2  
  163  10:14  Ravager x6  
  163  10:15  Ravager  
  163  10:19  Roach x6  
  178  10:28  Roach x5  
  180  10:31  Overseer  
  180  10:33  Roach x7  
  194  10:43  Roach x3  
  198  10:53  Roach x4  
  196  10:58  Roach x2  
  196  11:02  Roach  
  196  11:03  Roach x7  
  198  11:08  Roach  
  186  11:16  Roach  
  186  11:17  Roach x2  
  174  11:23  Roach x2  
  160  11:26  Roach  
  160  11:29  Roach x4  
  158  11:34  Roach  
  136  11:41  Roach x2  
  136  11:45  Roach  
  124  11:52  Roach x2  
  118  11:56  Roach  
  118  12:00  Roach x2  
  116  12:02  Roach x6  
  116  12:05  Ravager x2  
  116  12:06  Ravager  
  115  12:09  Roach x7  
  115  12:11  Roach  
  131  12:21  Hatchery, Roach x2  
  134  12:26  Roach  
  136  12:31  Spire  
  136  12:33  Roach x3  
  136  12:35  Roach x3  
  141  12:38  Roach  
  141  12:40  Roach x8  
  159  12:46  Roach x3  
  159  12:48  Roach x5  
  165  12:52  Roach x2  
  165  12:53  Roach  
  165  12:58  Roach x3  
  171  13:08  Roach x7  
  182  13:18  Roach x3  
  167  13:36  Roach  
  167  13:37  Roach x2  
  165  13:44  Mutalisk x7  
  165  13:48  Ravager x3  
  182  13:59  Mutalisk x4  
  190  14:08  Drone x7  
  179  14:25  Roach x9  
  179  14:26  Roach  
  171  14:33  Roach x4  
  171  14:38  Roach x2  
  153  14:49  Roach x5  
  153  14:52  Overseer  
  163  14:56  Roach x3  
  169  15:03  Roach  
  169  15:04  Roach x2  
  175  15:16  Roach  
  175  15:17  Roach x6  
  187  15:33  Roach x7  
  191  15:39  Roach x4  
Tags
 
Add a new tag
Caveats
  • Supply blocks, unpowered buildings, or Contaminate may cause inaccurate times.
  • Supply counts are checked every 10 seconds.